 Dungeon Crawl Stone Soup version 0.19-a0-1704-gbd66c22 (webtiles) character file.

614514 4thArraOfDagon the Brawler (level 25, -81/322 HPs)
             Began as a Troll Wanderer on Sept 27, 2016.
             Was a High Priest of Okawaru.
             Annihilated by a titanic slime creature (96 damage)
             ... summoned by a putrid corrupter
             ... in Pandemonium.
             The game lasted 02:34:05 (22798 turns).

4thArraOfDagon the Brawler (Troll Wanderer)        Turns: 22798, Time: 02:34:07

Health: -81/322    AC: 25    Str: 28    XL:     25   Next: 74%
Magic:  20/30      EV: 13    Int: 20    God:    Okawaru [*****.]
Gold:   3473       SH: 18    Dex: 16    Spells: 9 memorised, 9 levels left

rFire  + . .     SeeInvis +       - Unarmed
rCold  + + .     Gourm    +     (armour currently unavailable)
rNeg   + . .     Faith    .     T - +4 shield {rF+}
rPois  ∞         Spirit   .     d - +0 hat {SInv}
rElec  +         Dismiss  .     e - +1 cloak of Cowardice {Str+2}
rCorr  .         Reflect  .     (gloves unavailable)
MR     ++...     Harm     .     (boots unavailable)
Stlth  ++........ Clarity  +    V - amulet "Mafeal" {+Rage MR+ Dex+3}
                                l - ring "Xuwn" {+Fly Int+5}
                                H - ring "Vunis" {rPois rC++}

@: about to teleport, statue-form, heroism, grasped by roots, corroded,
constricted, studying 2 skills, very slow
A: unfitting armour, claws 3, horns 1, talons 1, agile 1, clarity, deformed
body, fast metabolism 3, gourmand, low mp 1, regeneration 1, (shaggy fur 0),
(tough skin 0), MP-powered wands
a: End Transformation, Heroism, Finesse, Renounce Religion, Evoke Berserk Rage,
Evoke Flight
}: 5/15 runes: barnacled, slimy, silver, golden, gossamer


You were in Pandemonium.
You worshipped Okawaru.
Okawaru was extremely pleased with you.
You were not hungry.
You were a stone statue.
You visited 11 branches of the dungeon, and saw 53 of its levels.
You visited Pandemonium 1 time, and saw 16 of its levels.
You visited the Abyss 1 time.
You also visited: Labyrinth, Bailey, Ice Cave and Wizlab.

You collected 4824 gold pieces.
You spent 1351 gold pieces at shops.

Inventory:

Missiles
 y - 17 throwing nets
 z - 16 large rocks (quivered)
Armour
 d - a +0 hat of see invisible (worn)
 e - the +1 cloak of Cowardice (worn) {Str+2}
   (Okawaru gifted it to you on level 3 of the Elven Halls)

   It affects your strength (+2).
 J - the +5 troll leather armour "Pyzer" (melded) {rF+ Regen+ Dex+8}
   (Okawaru gifted it to you in a bailey)

   It affects your dexterity (+8).
   It protects you from fire.
   It increases your rate of regeneration.
 T - a +4 shield of fire resistance (worn)
Magical Staves
 s - an uncursed staff of wizardry {!a}
Jewellery
 j - an uncursed ring of positive energy
 l - the ring "Xuwn" (right claw) {+Fly Int+5}
   (You found it on level 5 of the Pits of Slime)

   [ring of flight]

   It affects your intelligence (+5).
   It lets you fly.
 D - the ring of Exhibitionism {+Inv rElec rF+ Stlth+}
   (You found it in an ice cave)

   [ring of protection from fire]

   It protects you from fire.
   It insulates you from electricity.
   It lets you turn invisible.
   It makes you more stealthy.
 H - the ring "Vunis" (left claw) {rPois rC++}
   (You found it on level 3 of the Tomb of the Ancients)

   [ring of poison resistance]

   It greatly protects you from cold.
   It protects you from poison.
 U - the ring of Coros {rN+ Dex+4}
   (You acquired it on level 2 of the Orcish Mines)

   [ring of positive energy]

   It affects your dexterity (+4).
   It protects you from negative energy.
 V - the amulet "Mafeal" (around neck) {+Rage MR+ Dex+3}
   (You found it on level 3 of the Crypt)

   [amulet of rage]

   It affects your dexterity (+3).
   It affects your resistance to hostile enchantments.
   It lets you go berserk.
Wands
 v - a wand of teleportation (1/9)
 B - a wand of digging (13/24)
 F - a wand of digging (5/24)
 K - a wand of digging (10/24)
 W - a wand of disintegration (6/24)
 X - a wand of disintegration (11/24)
 Z - a wand of teleportation (7/9)
Scrolls
 k - 6 scrolls of blinking
 t - 6 scrolls of fog
 w - 9 scrolls of remove curse
 x - a scroll of recharging
 C - 7 scrolls of summoning
 N - a scroll of holy word
Potions
 b - 7 potions of curing
 h - 3 potions of agility
 i - 4 potions of cure mutation
 n - 6 potions of heal wounds
 o - 2 potions of berserk rage
 p - 2 potions of cancellation
 q - 5 potions of might
 u - a potion of flight
 E - 2 potions of invisibility
 G - 5 potions of haste
 L - 3 potions of brilliance
 M - 4 potions of ambrosia
 Q - a potion of magic
 R - a potion of resistance
Books
 m - a manual of Stealth
 P - a manual of Evocations
Miscellaneous
 a - a figurine of a ziggurat
 A - 4 boxes of beasts
 I - a phial of floods
 O - a phantom mirror
 Y - a lamp of fire
Comestibles
 f - 24 bread rations
 g - 17 meat rations


   Skills:
 - Level 14.2(19.2) Fighting
   Level 1.7(6.7) Maces & Flails
   Level 1.0(6.0) Polearms
 - Level 1.0(6.0) Throwing
 - Level 14.3(19.3) Dodging
 * Level 1.0(6.0) Stealth
 - Level 10.4(15.4) Shields
 - Level 20.5(25.5) Unarmed Combat
 - Level 8.1 Spellcasting
 - Level 11.9 Charms
 - Level 4.1 Necromancy
 - Level 10.6 Translocations
 - Level 10.0 Transmutations
 - Level 11.7 Earth Magic
 - Level 15.3 Invocations
 * Level 6.3 Evocations


You had 9 spell levels left.
You knew the following spells:

 Your Spells              Type           Power        Failure   Level  Hunger
a - Statue Form           Tmut/Erth      ######...    17%         6    ######.
b - Controlled Blink      Tloc           N/A          100%        8    #######
c - Regeneration          Chrm/Necr      #####.....   1%          3    None
d - Sublimation of Blood  Necr           ###.......   2%          2    None
e - Passage of Golubria   Tloc           N/A          1%          4    ###....
f - Swiftness             Chrm/Air       ####....     1%          2    None
g - Passwall              Tmut/Erth      ######....   1%          2    None
h - Repel Missiles        Chrm/Air       ####..       1%          2    None
i - Blink                 Tloc           N/A          1%          2    None


Dungeon Overview and Level Annotations

Branches:
Dungeon (15/15)              Lair (6/6) D:10         Shoals (4/4) Lair:4
 Spider (4/4) Lair:3        Slime (5/5) Lair:5          Orc (2/2) D:10
    Elf (3/3) Orc:2        Vaults (5/5) D:14          Crypt (3/3) Vaults:2
   Tomb (3/3) Crypt:3      Depths (3/5) D:15
 Temple: D:4-7

Altars:
Cheibriados
Kikubaaqudgha
Makhleb
Nemelex Xobeh
Okawaru
Qazlal
Ru
Vehumet
The Shining One
Beogh
Jiyva

Shops:
D:4 *   D:9 %   Orc:2 :?[   Depths:1 *

Portals:
Hell: Lair:6
Pandemonium: Depths:3

Annotations:
D:15 wazuzu's ghost, adept DsGl
Depths:1 Jorgrun


Innate Abilities, Weirdness & Mutations

You are too large for most types of armour.
You have claws for hands.
Your metabolism is lightning-fast.
You like to eat raw meat.
Your natural rate of healing is unusually fast.
((Your thick and shaggy fur keeps you warm. (AC +3, rC+)))
((You have very tough skin. (AC +2)))
You have a pair of small horns on your head.
You have sharp toenails.
You are agile. (Dex +2)
You possess an exceptional clarity of mind.
Armour fits poorly on your strangely shaped body.
Your magical capacity is low. (-10% MP)
You expend magic power (3 MP) to strengthen your wands.


Message History

You hear a shout!
Unknown command.
Unknown command.
Unknown command.
Unknown command.
You block the anaconda's attack. x2; The alligator puts on a burst of speed!
The anaconda misses you. x2; The ettin hits you!!
* * * LOW HITPOINT WARNING * * *
You block the ettin's attack. The anaconda grabs you.
You block the anaconda's attack.
* * * LOW HITPOINT WARNING * * *
The anaconda constricts you. The ettin misses you. The ettin hits you.
* * * LOW HITPOINT WARNING * * *
The gelid chaos champion mumbles some strange prayers to its god against you.
The bolt of acid hits you!
* * * LOW HITPOINT WARNING * * *
The acid corrodes you!
You are splashed with acid!
The acid burns!
* * * LOW HITPOINT WARNING * * *
The titanic slime creature hits you!!!!
You die...

##### ######
#####...## ##....##
#........###.....[##
#.........#........##
#.8Jf...........#
#CS66..$........#
#.JwJ..........##
#..Dt.........##
##...........##
##.........##
#######...# #......#
#.##...#


You could see an acid blob, a shambling mangrove, an alligator, a gelid chaos
champion, a putrid corrupter, a swamp dragon, an ettin (berserk), an anaconda, a
tyrant leech, a titanic slime creature and a slime creature shaped shifter.

Vanquished Creatures
  the Royal Jelly (Slime:5)
  An ancient lich (Vaults:5)
  Mennas (Tomb:2)
  Boris (Vaults:5)
  12 greater mummies
  Sojobo (Vaults:5)
  8 pandemonium lords (Pan)
  A profane servitor (Crypt:3)
  Jory (Tomb:3)
  A golden dragon (Vaults:5)
  A bone dragon (Crypt:3)
  2 Brimstone Fiends (Pan)
  5 liches
  3 Ice Fiends (Pan)
  Rupert (D:14)
  8 Hell Sentinels (Pan)
  4 tentacled monstrosities (Vaults:5)
  A quicksilver dragon (Vaults:5)
  2 deep elf blademasters (Elf:3)
  2 deep elf master archers (Elf:3)
  A titan (Vaults:5)
  16 acid blobs
  Polyphemus (Shoals:3)
  4 Executioners (Pan)
  8 tengu reavers (Vaults:5)
  7 ancient champions
  6 sphinxes
  Agnes (Elf:1)
  3 storm dragons (Vaults:5)
  Ilsuiw (Shoals:3)
  5 shadow dragons (Vaults:5)
  3 revenants
  3 warmongers (Pan)
  4 azure jellies (Slime:5)
  12 vault wardens
  5 fire giants
  3 iron dragons (Vaults:5)
  A corrupter (Pan)
  5 frost giants
  4 cacodemons (Pan)
  2 deep elf sorcerers (Elf:3)
  6 balrugs
  A curse skull (Crypt:3)
  3 ghouls
  6 emperor scorpions (Spider:4)
  7 ghost moths
  5 deep elf elementalists
  An orc warlord (Vaults:5)
  3 war gargoyles (Vaults:5)
  A black sun (Pan)
  10 stone giants
  12 ironheart preservers
  6 reapers (Pan)
  7 very ugly things
  5 vampire knights
  2 blood saints (Pan)
  2 entropy weavers
  2 chaos champions (Pan)
  6 deep elf demonologists
  3 dire elephants (Lair:6)
  8 deep elf annihilators
  A spark wasp (shapeshifter) (Vaults:5)
  3 spark wasps
  2 lorocyprocas (Pan)
  15 jiangshi
  14 large abominations
  20 mummy priests
  5 green deaths (Pan)
  10 blizzard demons
  14 ogre magi
  5 eidola
  A minotaur (Lab)
  10 ettins
  7 death oozes (Slime:5)
  3 deep elf high priests
  13 deep elf death magi
  3 merfolk javelineers
  A crystal guardian (Vaults:5)
  7 yaktaur captains
  4 fire dragons
  6 merfolk impalers
  3 ice dragons
  A monstrous demonspawn (Pan)
  7 great orbs of eyes
  A rakshasa (Vaults:3)
  5 hell beasts (Pan)
  A hydra (Lair:6)
  24 vault guards (Vaults:5)
  6 death knights
  A catoblepas (Shoals:3)
  An alligator snapping turtle (Shoals:4)
  A merfolk aquamancer (Shoals:4)
  A spectral frost giant (Crypt:3)
  A deep troll shaman (Vaults:5)
  2 deep troll earth magi (Vaults:5)
  6 centaur warriors
  5 dancing weapons
  2 merfolk avatars (Shoals:2)
  3 tengu warriors
  7 death yaks
  3 vampire magi
  A satyr (Shoals:3)
  40 death scarabs
  Urug (D:10)
  7 hell knights
  9 soul eaters
  17 sun demons
  Nergalle (Orc:2)
  A storm dragon zombie (Depths:2)
  6 deep elf knights
  8 sixfirhies
  A wretched star (Abyss:3)
  42 skeletal warriors
  5 shadow wraiths
  7 sea snakes
  8 deep trolls
  An unseen horror (shapeshifter) (Vaults:5)
  An unseen horror (Abyss:3)
  3 gelid demonspawn (Pan)
  A glowing orange brain (shapeshifter) (Elf:1)
  4 shadow demons (Pan)
  A lindwurm (Lair:6)
  3 deep elf archers
  16 hill giants
  3 wizards
  4 flayed ghosts
  A harpy (Vaults:3)
  An anaconda skeleton (Tomb:1)
  9 ironbrand convokers
  2 putrid demonspawn (Pan)
  13 orc knights
  8 torturous demonspawn (Pan)
  2 shining eyes
  6 phantasmal warriors
  24 wolf spiders
  20 deep elf magi
  5 necromancers
  2 fire giant zombies
  A shadow dragon skeleton (Crypt:2)
  A hell hog zombie (Crypt:1)
  A frost giant zombie (Tomb:1)
  2 fauns (Shoals:3)
  11 orb spiders
  11 orc sorcerers
  9 manticores
  4 cyclopes
  6 hornets
  17 ugly things
  An iron dragon skeleton (Crypt:1)
  A moth of wrath (Spider:4)
  6 sirens
  A fire giant skeleton (Tomb:1)
  A rust devil (Pan)
  A black mamba (Lair:5)
  2 human skeletons (Vaults:4)
  Maurice (Orc:2)
  A black mamba (shapeshifter) (D:12)
  A water nymph (Shoals:3)
  An ice statue (IceCv)
  A shock serpent skeleton (Crypt:3)
  3 eyes of devastation
  17 smoke demons
  8 vault sentinels
  3 hellions (Pan)
  A gargoyle (D:13)
  A torpor snail (Lair:6)
  A spriggan zombie (Depths:2)
  7 spiny frogs
  9 orange demons
  2 rime drakes (Lair:6)
  15 freezing wraiths
  A swamp worm zombie (Crypt:1)
  5 komodo dragons
  8 ice devils
  6 tormentors (Pan)
  An ancient zyme (Abyss:3)
  14 yaktaurs
  8 demonic crawlers
  An efreet (Pan)
  2 anaconda simulacra (IceCv)
  A golden dragon simulacrum (IceCv)
  23 guardian mummies
  A yaktaur (shapeshifter) (D:13)
  A yaktaur skeleton (Vaults:4)
  12 hellwings
  2 polar bears
  3 wind drakes
  25 merfolk
  A troll (shapeshifter) (Vaults:4)
  14 red devils
  16 jumping spiders
  A yellow draconian skeleton (Crypt:2)
  5 trolls
  2 bog bodies (Crypt:1)
  23 two-headed ogres
  5 blink frogs (Lair:6)
  An iron dragon simulacrum (Crypt:2)
  48 slime creatures
  2 snapping turtles (Shoals:3)
  7 raiju (Abyss:3)
  5 dream sheep (Lair:5)
  A hydra skeleton (Tomb:3)
  8 hippogriffs
  Sigmund (D:6)
  2 air elementals
  63 flying skulls
  19 tarantellas
  An alligator skeleton (Crypt:1)
  4 water elementals
  16 ynoxinuls (Pan)
  A spriggan (Lair:6)
  9 wraiths
  49 redbacks
  28 yaks
  4 shadows
  3 dire elephant simulacra (IceCv)
  20 ushabtiu
  15 chaos spawn (Pan)
  6 golden eyes (Slime:1)
  3 basilisks
  13 humans
  A death yak simulacrum (IceCv)
  A wyvern (D:14)
  11 neqoxecs (Pan)
  A hungry ghost (D:15)
  2 human simulacra
  9 wargs
  2 harpy simulacra (IceCv)
  A warg (shapeshifter) (Vaults:5)
  2 mottled dragons
  A soldier ant (D:12)
  An iron troll simulacrum (IceCv)
  6 water moccasins
  An orb spider zombie (Crypt:1)
  3 porcupines
  2 hell hounds (Lair:6)
  6 hydra simulacra
  A water nymph skeleton (Crypt:1)
  2 sky beasts
  25 orc warriors
  An ice beast (D:11)
  A black bear (D:6)
  2 eyes of draining (Slime:5)
  A spiny frog skeleton (Crypt:1)
  44 ogres
  A boggart (Vaults:1)
  2 phantoms
  A swamp dragon zombie (Crypt:2)
  A wasp (Lair:4)
  5 necrophages
  2 ettin simulacra (IceCv)
  A snapping turtle zombie (Crypt:2)
  A wolf (shapeshifter) (Vaults:5)
  20 wolves
  A human zombie (Vaults:4)
  An elephant skeleton (Crypt:2)
  10 centaurs
  8 small abominations
  13 crocodiles
  6 bullfrogs
  9 gnoll sergeants
  2 earth elementals
  A water moccasin zombie (Crypt:1)
  A cyclops skeleton (Crypt:2)
  4 scorpions
  2 elephant simulacra (IceCv)
  A yak zombie (Crypt:1)
  5 killer bees (D:10)
  2 crimson imps (D:9)
  5 draconian simulacra (IceCv)
  3 centaur zombies
  A bullfrog zombie (D:10)
  4 jellies
  A quasit (D:12)
  2 bullfrog skeletons
  A wasp zombie (D:6)
  6 hounds
  27 orc wizards
  7 gnoll shamans
  14 orc priests
  Ijyb (D:2)
  A porcupine zombie (Crypt:2)
  4 iguanas
  4 troll simulacra (IceCv)
  6 worker ants
  2 polar bear simulacra (IceCv)
  2 spriggan simulacra (IceCv)
  A tengu zombie (Crypt:1)
  2 centaur simulacra (IceCv)
  A crocodile skeleton (Crypt:2)
  A hound zombie (D:11)
  47 mummies
  31 gnolls
  2 ogre simulacra (IceCv)
  10 adders
  2 naga simulacra (IceCv)
  23 river rats
  2 shadow imps
  5 white imps (IceCv)
  5 ufetubi (IceCv)
  5 oozes (D:13)
  An adder skeleton (D:6)
  A worm (D:4)
  3 leopard geckos
  73 orcs
  4 giant cockroaches
  4 goblins (D:12)
  4 hobgoblins
  A jackal (D:8)
  3 kobolds
  5 quokkas
  A river rat zombie (Crypt:1)
  11 bats
  2 frilled lizards
  4 rats
  3 crawling corpses (Vaults:5)
  2 fungi (D:12)
  2 plants (Shoals:3)
1994 creatures vanquished.

Vanquished Creatures (collateral kills)
  An acid blob (Slime:5)
  A death ooze (Slime:5)
  A hydra (D:11)
  A shining eye (Slime:3)
4 creatures vanquished.

Vanquished Creatures (others)
  An ironheart preserver (Vaults:5)
  A merfolk javelineer (Shoals:4)
  2 yaktaur captains
  A merfolk aquamancer (Shoals:4)
  36 death scarabs
  An unseen horror (D:15)
  A harpy (Vaults:4)
  A wolf spider zombie (Tomb:3)
  An orange demon (Pan)
  2 yaktaurs
  A wind drake (Shoals:4)
  An ice dragon skeleton (Tomb:2)
  12 flying skulls
  A redback (Spider:3)
  A chaos spawn (Pan)
  An ettin skeleton (Tomb:2)
  An orc warrior (Vaults:2)
  3 centaurs
  4 orc wizards
  4 mummies
  3 ufetubi (IceCv)
  3 orcs
  4 fungi
  3 plants (Lair:6)
89 creatures vanquished.

Grand Total: 2087 creatures vanquished

Notes
Turn   | Place    | Note
-------+----------+-------------------------------------------
     0 | D:1      | 4thArraOfDagon the Troll Wanderer began the quest for the Orb.
     0 | D:1      | 4thArraOfDagon set off with: a +2 mace, a potion of lignification, a potion of curing, a +0 robe, 2 bread rations
     0 | D:1      | Reached XP level 1. HP: 19/19 MP: 0/0
    75 | D:2      | Reached skill level 1 in Unarmed Combat
    75 | D:2      | Reached XP level 2. HP: 18/27 MP: 1/1
    85 | D:2      | Reached skill level 2 in Unarmed Combat
   117 | D:2      | Found a sacrificial altar of Ru.
   117 | D:2      | Found an iron altar of Okawaru.
   125 | D:2      | Became a worshipper of Warmaster Okawaru
   319 | D:2      | Reached XP level 3. HP: 32/33 MP: 2/2
   342 | D:2      | Noticed Ijyb
   363 | D:2      | Killed Ijyb
   363 | D:2      | Reached skill level 3 in Unarmed Combat
   363 | D:2      | Reached skill level 1 in Invocations
   412 | D:2      | Reached XP level 4. HP: 38/41 MP: 3/3
   512 | D:4      | Reached skill level 4 in Unarmed Combat
   512 | D:4      | Reached XP level 5. HP: 31/48 MP: 5/5
   587 | D:5      | Entered Level 5 of the Dungeon
   638 | D:4      | Noticed a phantom
   645 | D:4      | Killed a phantom
   645 | D:4      | Reached * piety under Okawaru
   677 | D:5      | Reached skill level 5 in Unarmed Combat
   704 | D:6      | Reached XP level 6. HP: 42/55 MP: 6/6
   706 | D:6      | Noticed a water moccasin
   717 | D:6      | Killed a water moccasin
   757 | D:6      | Noticed Sigmund
   770 | D:6      | Killed Sigmund
   770 | D:6      | Reached ** piety under Okawaru
   770 | D:6      | Reached skill level 6 in Unarmed Combat
   770 | D:6      | Reached XP level 7. HP: 31/62 MP: 5/8
   822 | D:6      | Noticed a hippogriff
   981 | D:6      | Reached skill level 7 in Unarmed Combat
  1091 | D:6      | Killed a hippogriff
  1095 | D:6      | Reached XP level 8. HP: 46/70 MP: 7/10
  1097 | D:6      | Reached *** piety under Okawaru
  1115 | D:6      | Reached skill level 8 in Unarmed Combat
  1162 | D:6      | Found a stormy altar of Qazlal.
  1165 | D:6      | Found a snail-covered altar of Cheibriados.
  1168 | D:6      | Found a burning altar of Makhleb.
  1214 | D:4      | Found Ozaivios's General Store.
  1221 | D:4      | Bought a scroll of identify for 26 gold pieces
  1221 | D:4      | Bought a potion of heal wounds for 65 gold pieces
  1223 | D:4      | Gained mutation: You are covered in thick fur. (AC +2) [potion of mutation]
  1223 | D:4      | Gained mutation: You have sharp toenails. [potion of mutation]
  1223 | D:4      | Gained mutation: Your mind is acute. (Int +2) [potion of mutation]
  1294 | D:4      | You fall through a shaft for 3 floors!
  1294 | D:7      | Found a sparkling altar of Nemelex Xobeh.
  1352 | D:8      | HP: 3/70 [something (5)]
  1359 | D:8      | Reached skill level 5 in Invocations
  1379 | D:8      | Reached skill level 9 in Unarmed Combat
  1516 | D:9      | Reached XP level 9. HP: 76/76 MP: 9/12
  1569 | D:9      | Reached skill level 10 in Unarmed Combat
  1573 | D:9      | Reached **** piety under Okawaru
  1626 | D:9      | Found Ethaif Ybig's Food Shoppe.
  1728 | D:9      | Received a gift from Okawaru
  1728 | D:9      | Reached skill level 11 in Unarmed Combat
  1973 | D:10     | Entered Level 10 of the Dungeon
  2095 | D:11     | Noticed a white ugly thing
  2095 | D:11     | Reached XP level 10. HP: 73/87 MP: 14/14
  2102 | D:11     | Killed a white ugly thing
  2102 | D:11     | Reached ***** piety under Okawaru
  2147 | D:10     | Found a staircase to the Orcish Mines.
  2233 | D:11     | Noticed a cyan ugly thing
  2239 | D:11     | Killed a cyan ugly thing
  2334 | D:10     | Reached skill level 12 in Unarmed Combat
  2353 | D:10     | Noticed Urug
  2442 | D:12     | Noticed a black mamba
  2451 | D:12     | Killed a black mamba
  2575 | D:12     | Found a flagged portal.
  2596 | Bailey   | Entered a bailey
  2874 | Bailey   | Got a scorched whip
  2940 | Bailey   | Received a gift from Okawaru
  2941 | Bailey   | Got a spiked troll leather armour {god gift}
  2986 | Bailey   | Identified the +5 troll leather armour "Pyzer" {rF+ Regen+ Dex+8} (Okawaru gifted it to you in a bailey)
  3095 | D:11     | Reached XP level 11. HP: 82/98 MP: 16/16
  3100 | D:11     | Noticed a hill giant
  3107 | D:11     | Killed a hill giant
  3147 | D:12     | Noticed a brown ugly thing
  3164 | D:12     | Killed a brown ugly thing
  3232 | D:12     | Gained mutation: You possess an exceptional clarity of mind. [mutagenic meat]
  3241 | D:12     | Noticed a hill giant
  3248 | D:12     | Killed a hill giant
  3248 | D:12     | Reached skill level 13 in Unarmed Combat
  3300 | D:12     | Noticed a purple ugly thing
  3308 | D:12     | Killed a purple ugly thing
  3337 | D:13     | Noticed a skeletal warrior
  3337 | D:13     | Noticed a skeletal warrior
  3337 | D:13     | Noticed a skeletal warrior
  3351 | D:13     | Killed a skeletal warrior
  3354 | D:13     | Killed a skeletal warrior
  3361 | D:13     | Noticed a skeletal warrior
  3362 | D:13     | Killed a skeletal warrior
  3362 | D:13     | Reached skill level 5 in Dodging
  3363 | D:13     | Noticed a skeletal warrior
  3372 | D:13     | Killed a skeletal warrior
  3383 | D:13     | Killed a skeletal warrior
  3383 | D:13     | Reached skill level 5 in Fighting
  3417 | D:13     | Noticed a hill giant
  3429 | D:13     | Killed a hill giant
  3676 | D:13     | Noticed a white ugly thing
  3684 | D:13     | Killed a white ugly thing
  3852 | D:13     | Noticed a cyan ugly thing
  3859 | D:13     | Killed a cyan ugly thing
  3859 | D:13     | Received a gift from Okawaru
  3859 | D:13     | Reached XP level 12. HP: 73/111 MP: 14/17
  3870 | D:13     | Gained mutation: Your thick and shaggy fur keeps you warm. (AC +3, rC+) [mutagenic meat]
  3873 | D:13     | Gained mutation: You have a pair of small horns on your head. [mutagenic meat]
  3894 | D:14     | Found a gate to the Vaults.
  3894 | D:14     | Noticed Rupert
  3894 | D:14     | Noticed a centaur warrior
  3897 | D:15     | Entered Level 15 of the Dungeon
  3961 | D:15     | Noticed wazuzu's ghost (adept DsGl)
  3963 | D:15     | i afraid of no ghost
  4110 | D:15     | Reached skill level 14 in Unarmed Combat
  4338 | D:14     | Killed a centaur warrior
  4430 | D:14     | Killed Rupert
  4430 | D:14     | Received a gift from Okawaru
  4557 | D:10     | Found a roughly hewn altar of Beogh.
  4643 | D:10     | Found a staircase to the Lair.
  4650 | D:10     | Killed Urug
  4688 | Orc:1    | Entered Level 1 of the Orcish Mines
  4792 | Orc:1    | Noticed an ogre mage
  4801 | Orc:1    | Killed an ogre mage
  4801 | Orc:1    | Reached ****** piety under Okawaru
  4801 | Orc:1    | Reached skill level 1 in Shields
  4819 | Orc:1    | Reached XP level 13. HP: 38/122 MP: 13/19
  4827 | Orc:1    | Received a gift from Okawaru
  4971 | Orc:1    | Reached skill level 5 in Evocations
  4992 | Orc:1    | Noticed a frost giant
  5014 | Orc:1    | Killed a frost giant
  5036 | Orc:1    | Turgon: ?? !!!
  5041 | Orc:1    | beem: ]![2/3]: If you hit something and the message ends with !, that means you did 7-17 damage. !!: 18-35. !!!: 36-71. !!!!: 72-143. !!!!!: 144-287. !!!!!!: 288+; and so on. Yikes!
  5060 | Orc:2    | Entered Level 2 of the Orcish Mines
  5060 | Orc:2    | Noticed an ettin
  5069 | Orc:2    | Killed an ettin
  5069 | Orc:2    | Received a gift from Okawaru
  5089 | Orc:2    | Found a staircase to the Elven Halls.
  5103 | Orc:1    | Found a roughly hewn altar of Beogh.
  5267 | Orc:2    | Found a roughly hewn altar of Beogh.
  5288 | Orc:2    | Reached skill level 15 in Unarmed Combat
  5411 | Orc:2    | Noticed Maurice
  5418 | Orc:2    | Killed Maurice
  5454 | Orc:2    | Received a gift from Okawaru
  5455 | Orc:2    | Found Takan's Book Emporium.
  5487 | Orc:2    | Found Luutuek's Magic Scroll Shoppe.
  5502 | Orc:2    | Bought a scroll of magic mapping for 56 gold pieces
  5502 | Orc:2    | Bought a scroll of magic mapping for 56 gold pieces
  5502 | Orc:2    | Bought a scroll of blinking for 120 gold pieces
  5515 | Orc:2    | Found a radiant altar of Vehumet.
  5537 | Orc:2    | Found Dogg's Antique Armour Shoppe.
  5547 | Orc:2    | Noticed Nergalle
  5557 | Orc:2    | Found an ancient bone altar of Kikubaaqudgha.
  5561 | Orc:2    | Killed Nergalle
  5575 | Orc:2    | Found a roughly hewn altar of Beogh.
  5592 | Orc:2    | Found Womuygec's Distillery.
  5657 | Orc:2    | Bought a runed hat for 120 gold pieces
  5700 | Orc:2    | Bought a scroll of enchant armour for 120 gold pieces
  5700 | Orc:2    | Bought 3 scrolls of summoning for 456 gold pieces
  5700 | Orc:2    | Bought a scroll of identify for 32 gold pieces
  5700 | Orc:2    | Bought a scroll of remove curse for 48 gold pieces
  5700 | Orc:2    | Bought a scroll of random uselessness for 16 gold pieces
  5700 | Orc:2    | Bought a scroll of immolation for 56 gold pieces
  5700 | Orc:2    | Identified a scroll of acquirement
  5701 | Orc:2    | Got a smoking jade ring
  5703 | Orc:2    | Identified the ring of Coros {rN+ Dex+4} (You acquired it on level 2 of the Orcish Mines)
  5816 | Orc:1    | Reached skill level 10 in Invocations
  5872 | Orc:2    | 4thArraOfDagon: bb in 30mins
  5886 | Elf:1    | Entered Level 1 of the Elven Halls
  5977 | Elf:1    | Noticed Agnes
  5996 | Elf:1    | Killed Agnes
  5996 | Elf:1    | Reached skill level 5 in Shields
  5996 | Elf:1    | Reached XP level 14. HP: 40/133 MP: 13/20
  6119 | Elf:2    | Found a magical portal.
  6128 | WizLab   | Entered Wucad Mu's Monastery
  6206 | Elf:3    | Entered Level 3 of the Elven Halls
  6256 | Elf:3    | Found a frozen archway.
  6275 | IceCv    | Entered an ice cave
  6364 | IceCv    | Identified the ring of Exhibitionism {+Inv rElec rF+ Stlth+} (You found it in an ice cave)
  6579 | IceCv    | Received a gift from Okawaru
  6822 | IceCv    | Learned a level 6 spell: Statue Form
  6822 | IceCv    | Identified the Papyrus of the Frostbite and Darkness
  6884 | Elf:3    | Reached skill level 1 in Earth Magic
  6904 | Elf:3    | Reached skill level 1 in Transmutations
  7011 | Elf:3    | Reached skill level 1 in Spellcasting
  7212 | Elf:3    | Cast into level 3 of the Abyss (a deep elf demonologist)
  7265 | Abyss:3  | Noticed a balrug
  7322 | Abyss:3  | Killed a balrug
  7322 | Abyss:3  | Received a gift from Okawaru
  7408 | Abyss:3  | Reached XP level 15. HP: 42/140 MP: 11/21
  7436 | Abyss:3  | Reached skill level 5 in Earth Magic
  7460 | Abyss:3  | Noticed a bone dragon
  7581 | Elf:3    | Escaped the Abyss
  7657 | Elf:3    | Noticed a deep elf blademaster
  7677 | Elf:3    | Killed a deep elf blademaster
  7710 | Elf:3    | Reached skill level 5 in Transmutations
  7797 | Elf:3    | Noticed a deep elf master archer
  7813 | Elf:3    | Killed a deep elf master archer
  7813 | Elf:3    | Received a gift from Okawaru
  7814 | Elf:3    | Got a dazzling cloak {god gift}
  7841 | Elf:3    | Identified the +1 cloak of Cowardice {Str+2} (Okawaru gifted it to you on level 3 of the Elven Halls)
  7878 | Elf:3    | Noticed a deep elf sorcerer
  7894 | Elf:3    | Killed a deep elf sorcerer
  7950 | Elf:3    | Noticed a deep elf sorcerer
  8001 | Elf:3    | Noticed a deep elf master archer
  8024 | Elf:3    | Killed a deep elf master archer
  8186 | Elf:3    | Killed a deep elf sorcerer
  8236 | Elf:3    | Noticed a deep elf blademaster
  8259 | Elf:3    | Killed a deep elf blademaster
  8315 | Elf:3    | Learned a level 8 spell: Controlled Blink
  8322 | Elf:3    | Learned a level 3 spell: Regeneration
  8587 | Lair:1   | Entered Level 1 of the Lair of Beasts
  8689 | Lair:2   | Found a labyrinth entrance.
  8712 | Lab      | Entered a labyrinth
  9577 | Lair:4   | Found a staircase to the Shoals.
  9685 | Lair:6   | Entered Level 6 of the Lair of Beasts
  9701 | Lair:6   | Reached XP level 16. HP: 149/149 MP: 15/22
  9782 | Lair:6   | Identified the +8 whip of Reruozeh {flame, +Rage rPois Str+5 Dex-5} (You found it in a bailey)
  9866 | Lair:6   | Received a gift from Okawaru
  9987 | Lair:6   | Received a gift from Okawaru
 10011 | Lair:6   | Found a burning altar of Makhleb.
 10087 | Lair:6   | Found a gateway to Hell.
 10198 | Lair:5   | Received a gift from Okawaru
 10899 | Shoals:1 | Entered Level 1 of the Shoals
 10918 | Shoals:1 | Received a gift from Okawaru
 11228 | Shoals:3 | Noticed Polyphemus
 11249 | Shoals:3 | Reached skill level 10 in Earth Magic
 11306 | Shoals:3 | Killed Polyphemus
 11446 | Shoals:3 | Reached skill level 5 in Spellcasting
 11577 | Shoals:4 | Entered Level 4 of the Shoals
 11628 | Shoals:4 | Received a gift from Okawaru
 11652 | Shoals:4 | Noticed Ilsuiw
 12049 | Shoals:3 | Reached XP level 17. HP: 95/156 MP: 13/23
 12059 | Shoals:3 | Killed Ilsuiw
 12295 | Shoals:4 | Got a barnacled rune of Zot
 12471 | Lair:3   | Found a hole to the Spider Nest.
 12485 | Spider:1 | Entered Level 1 of the Spider Nest
 12626 | Spider:1 | Learned a level 2 spell: Sublimation of Blood
 12858 | Spider:3 | Reached skill level 10 in Transmutations
 12940 | Spider:4 | Entered Level 4 of the Spider Nest
 13054 | Spider:3 | Received a gift from Okawaru
 13370 | Spider:4 | Reached skill level 1 in Necromancy
 13376 | Spider:4 | Reached skill level 1 in Charms
 13473 | Spider:4 | Received a gift from Okawaru
 13549 | Spider:4 | Got a gossamer rune of Zot
 13572 | Spider:4 | Reached XP level 18. HP: 165/165 MP: 10/27
 13765 | Lair:5   | Found a staircase to the Slime Pits.
 13766 | Lair:5   | Found a viscous altar of Jiyva.
 13780 | Slime:1  | Entered Level 1 of the Pits of Slime
 13858 | Slime:2  | Received a gift from Okawaru
 13973 | Slime:4  | Reached skill level 16 in Unarmed Combat
 14010 | Slime:5  | Entered Level 5 of the Pits of Slime
 14256 | Slime:5  | Received a gift from Okawaru
 14265 | Slime:5  | Found a viscous altar of Jiyva.
 14266 | Slime:5  | Noticed the Royal Jelly
 14270 | Slime:5  | Reached skill level 17 in Unarmed Combat
 14271 | Slime:5  | Paralysed by a great orb of eyes for 7 turns
 14285 | Slime:5  | Killed the Royal Jelly
 14407 | Slime:5  | Reached skill level 18 in Unarmed Combat
 14450 | Slime:5  | Turgon: I don't see any walls
 14457 | Slime:5  | Turgon: Is this a bug?
 14510 | Slime:5  | Turgon: Or a new trunk feature?
 14525 | Slime:5  | Received a gift from Okawaru
 14591 | Slime:5  | Identified the ring "Xuwn" {+Fly Int+5} (You found it on level 5 of the Pits of Slime)
 14595 | Slime:5  | Got a slimy rune of Zot
 14618 | Slime:5  | 4thArraOfDagon: new trunk feature
 14618 | Slime:5  | Turgon: ok
 14618 | Slime:5  | 4thArraOfDagon: walls dissappear
 14618 | Slime:5  | 4thArraOfDagon: and jellies dont eat items anymore
 14644 | Slime:3  | 4thArraOfDagon: fair trade
 14879 | Vaults:1 | Entered Level 1 of the Vaults
 14909 | Vaults:1 | Reached XP level 19. HP: 175/175 MP: 20/28
 15295 | Vaults:4 | Received a gift from Okawaru
 15362 | Vaults:4 | Received a gift from Okawaru
 15458 | Vaults:5 | Entered Level 5 of the Vaults
 15476 | Vaults:5 | Noticed Sojobo
 15507 | Vaults:5 | Killed Sojobo
 15507 | Vaults:5 | Reached skill level 19 in Unarmed Combat
 15513 | Vaults:5 | Noticed a lich
 15516 | Vaults:5 | Received a gift from Okawaru
 15517 | Vaults:5 | Noticed an ancient lich
 15528 | Vaults:5 | Killed a lich
 15535 | Vaults:5 | Killed an ancient lich
 15574 | Vaults:5 | Reached XP level 20. HP: 86/188 MP: 14/29
 15623 | Vaults:5 | Noticed a golden dragon
 15626 | Vaults:5 | Noticed Boris
 15720 | Vaults:4 | Received a gift from Okawaru
 15728 | Vaults:4 | Got a sheer robe {god gift}
 15762 | Vaults:4 | Identified the +1 robe of Fortification {Str+3} (Okawaru gifted it to you on level 4 of the Vaults)
 15855 | Vaults:5 | Reached skill level 10 in Dodging
 15864 | Vaults:5 | Reached skill level 10 in Fighting
 15876 | Vaults:5 | Reached skill level 20 in Unarmed Combat
 15896 | Vaults:5 | Killed a golden dragon
 15947 | Vaults:5 | Killed Boris
 15966 | Vaults:5 | Received a gift from Okawaru
 15998 | Vaults:5 | Reached XP level 21. HP: 80/200 MP: 12/30
 16059 | Vaults:5 | Received a gift from Okawaru
 16312 | Vaults:5 | Reached skill level 10 in Shields
 16322 | Vaults:5 | Learned a level 4 spell: Passage of Golubria
 16325 | Vaults:5 | Learned a level 2 spell: Swiftness
 16328 | Vaults:5 | Learned a level 2 spell: Passwall
 16562 | Vaults:5 | Got a transparent robe
 16689 | Vaults:5 | Got a silver rune of Zot
 16699 | Vaults:5 | Learned a level 2 spell: Repel Missiles
 16702 | Vaults:5 | Learned a level 2 spell: Blink
 16936 | Vaults:2 | Received a gift from Okawaru
 16965 | Vaults:2 | Reached skill level 1 in Translocations
 17511 | Vaults:2 | Found a staircase to the Crypt.
 17515 | Crypt:1  | Entered Level 1 of the Crypt
 17532 | Crypt:1  | Reached XP level 22. HP: 211/211 MP: 25/31
 17833 | Crypt:3  | Entered Level 3 of the Crypt
 17846 | Crypt:3  | Received a gift from Okawaru
 17899 | Crypt:3  | Reached skill level 5 in Translocations
 17930 | Crypt:3  | Found an ancient bone altar of Kikubaaqudgha.
 18092 | Crypt:3  | Got a glittering graven amulet
 18093 | Crypt:3  | Identified the amulet "Mafeal" {+Rage MR+ Dex+3} (You found it on level 3 of the Crypt)
 18160 | Crypt:3  | Received a gift from Okawaru
 18373 | Crypt:3  | Found a staircase to the Tomb.
 18397 | Tomb:1   | Entered Level 1 of the Tomb of the Ancients
 18592 | Tomb:1   | Noticed a greater mummy
 18603 | Tomb:1   | Noticed a greater mummy
 18603 | Tomb:1   | Killed a greater mummy
 18746 | Tomb:1   | Reached XP level 23. HP: 224/224 MP: 28/32
 18861 | Tomb:1   | Noticed a greater mummy
 18867 | Tomb:1   | Killed a greater mummy
 18887 | Tomb:1   | Killed a greater mummy
 18887 | Tomb:1   | Received a gift from Okawaru
 19029 | Tomb:2   | Noticed an ancient lich
 19051 | Tomb:2   | Noticed a greater mummy
 19051 | Tomb:2   | Noticed a greater mummy
 19051 | Tomb:2   | Noticed a greater mummy
 19126 | Tomb:3   | Entered Level 3 of the Tomb of the Ancients
 19151 | Tomb:3   | Noticed a greater mummy
 19151 | Tomb:3   | Noticed Mennas
 19152 | Tomb:3   | Noticed a greater mummy
 19154 | Tomb:3   | Noticed a greater mummy
 19209 | Tomb:3   | Noticed a greater mummy
 19224 | Tomb:2   | Killed Mennas
 19242 | Tomb:2   | Killed a greater mummy
 19336 | Tomb:2   | Killed a greater mummy
 19342 | Tomb:2   | Killed a greater mummy
 19342 | Tomb:2   | Received a gift from Okawaru
 19437 | Tomb:2   | Killed a greater mummy
 19811 | Tomb:3   | Noticed a greater mummy
 19834 | Tomb:3   | Killed a greater mummy
 19841 | Tomb:3   | Noticed a greater mummy
 19899 | Tomb:3   | Received a gift from Okawaru
 19902 | Tomb:3   | Killed a greater mummy
 19922 | Tomb:3   | Noticed a greater mummy
 19941 | Tomb:3   | Killed a greater mummy
 19969 | Tomb:3   | Noticed a greater mummy
 20003 | Tomb:2   | Killed a greater mummy
 20125 | Tomb:3   | Got a golden rune of Zot
 20143 | Tomb:3   | Noticed a greater mummy
 20149 | Tomb:3   | Killed a greater mummy
 20179 | Tomb:3   | Noticed Jory
 20191 | Tomb:3   | Killed Jory
 20197 | Tomb:3   | Reached XP level 24. HP: 158/236 MP: 10/33
 20218 | Tomb:3   | Identified the Guide on Nocuous Feathers
 20221 | Tomb:3   | Got a pitted amber ring
 20238 | Tomb:3   | Identified the cursed +0 robe of the Hot Ocelot {rC++ Dex+4 Slay+2} (You took it off an ogre mage on level 5 of the Vaults)
 20250 | Tomb:3   | Got a glittering silver ring
 20258 | Tomb:3   | Identified the ring "Vunis" {rPois rC++} (You found it on level 3 of the Tomb of the Ancients)
 20260 | Tomb:3   | Identified the ring of Emutaywk {*Tele MR+} (You found it on level 3 of the Tomb of the Ancients)
 20346 | Tomb:1   | Noticed a greater mummy
 20348 | Tomb:1   | Noticed a greater mummy
 20448 | Crypt:3  | pedritolo: hi arra
 20462 | Crypt:3  | 4thArraOfDagon: hi
 20464 | Crypt:3  | pedritolo: what's your usual time for tomb?
 20483 | Crypt:3  | pedritolo: 2000?
 20519 | Crypt:2  | 4thArraOfDagon: naa more like 1.5
 20519 | Crypt:2  | pedritolo: and your best time, like 1k?
 20535 | Crypt:2  | Reached skill level 10 in Translocations
 20638 | Vaults:2 | 4thArraOfDagon: it really depends on combo
 20638 | Vaults:2 | 4thArraOfDagon: but best would be around 600 i think?
 20659 | Vaults:2 | pedritolo: wow ok, thanks:)
 20823 | D:15     | Found a staircase to the Depths.
 20856 | Depths:1 | Entered Level 1 of the Depths
 20878 | Depths:1 | Found Fokat's Assorted Antiques.
 20886 | Depths:1 | Bought a potion of might for 180 gold pieces
 20894 | Depths:1 | Received a gift from Okawaru
 20897 | Depths:1 | You fall through a shaft!
 20899 | Depths:2 | Found a glowing golden altar of the Shining One.
 20991 | Depths:1 | Noticed Jorgrun
 21077 | Depths:3 | Found a one-way gate leading to the halls of Pandemonium.
 21086 | Pan      | Entered Pandemonium
 21212 | Pan      | Noticed Seprixzyid the pandemonium lord
 21218 | Pan      | Killed Seprixzyid the pandemonium lord
 21285 | Pan      | Received a gift from Okawaru
 21285 | Pan      | Reached skill level 5 in Charms
 21494 | Pan      | Noticed Xyivais the pandemonium lord
 21506 | Pan      | Killed Xyivais the pandemonium lord
 21581 | Pan      | Gained mutation: You are agile. (Dex +2) [potion of beneficial mutation]
 21829 | Pan      | Noticed Yheywijo the pandemonium lord
 21842 | Pan      | Killed Yheywijo the pandemonium lord
 21892 | Pan      | Noticed Olaiff the pandemonium lord
 21924 | Pan      | Reached skill level 15 in Invocations
 21935 | Pan      | Noticed Beskyz the pandemonium lord
 21939 | Pan      | Gained mutation: Armour fits poorly on your strangely shaped body. [a neqoxec]
 21949 | Pan      | Killed Beskyz the pandemonium lord
 21987 | Pan      | Gained mutation: You expend magic power (3 MP) to strengthen your wands. [a neqoxec]
 22043 | Pan      | Noticed Pouj the pandemonium lord
 22055 | Pan      | Killed Pouj the pandemonium lord
 22055 | Pan      | Reached XP level 25. HP: 179/248 MP: 13/34
 22123 | Pan      | Noticed Anty Gepipn the pandemonium lord
 22150 | Pan      | Killed Anty Gepipn the pandemonium lord
 22150 | Pan      | Received a gift from Okawaru
 22247 | Pan      | Noticed Gauts the pandemonium lord
 22252 | Pan      | Gained mutation: Your magical capacity is low. (-10% MP) [a cacodemon]
 22253 | Pan      | Lost mutation: Your mind is acute. (Int +2) [a cacodemon]
 22285 | Pan      | Reached skill level 10 in Charms
 22391 | Pan      | Noticed Ylanof the pandemonium lord
 22403 | Pan      | Killed Ylanof the pandemonium lord
 22573 | Pan      | Received a gift from Okawaru
 22574 | Pan      | Found an exit through the horrors of the Abyss.
 22748 | Pan      | Noticed Efozeo the pandemonium lord
 22761 | Pan      | Killed Efozeo the pandemonium lord
 22798 | Pan      | HP: 15/322 [acid (12)]
 22798 | Pan      | Annihilated by a titanic slime creature

Vault maps used:
D:1:      lightli_arrival_chessboard
D:2:      overflow_temple_1_default, amethyst_overflow_temple_binary,
          kennysheep_generic_room_6, uniq_terence, uniq_iyjb
D:3:      first_bread
D:4:      lemuel_coloured_pillars_altar, serial_glass, glass_columns_c,
          glass_columns_a, glass_columns_b, glass_columns_c, serial_shops, shop,
          bh_walls_and_bars
D:6:      nicolae_overflow_hidden_temple, uniq_sigmund
D:7:      basic_altar
D:9:      serial_shops, nicolae_shop_stone, basic_altar
D:10:     dpeg_lair_monsters, minmay_orc_entry_temple_small, serial_glass,
          glass_columns_b, glass_columns_b, due_unseen_surprise, uniq_urug
D:12:     old_forge, lightli_bailey_entry_fortress, uniq_josephine
D:13:     hangedman_little_slice_of_home
D:14:     david_vaults_3
D:15:     grunt_enter_depths_snipers, minmay_misc_feat_pillars, uniq_rupert
Lair:1:   serial_bayou_pond_c, fungi_pond_lemuel
Lair:2:   lab_entry_generic, grunt_megastairs_2
Lair:3:   dummy_spider_entry
Lair:4:   lemuel_ratsnest, shoals_dummy_entry
Lair:5:   slime_altar_1
Lair:6:   evil_forest, grunt_forest_large_clearing_hut
Shoals:1: serial_shops, nicolae_shop_trees
Shoals:3: uniq_polyphemus
Shoals:4: shoals_end_grunt_ice, shoals_ilsuiw_ice
Spider:4: grunt_spider_rune_circles
Slime:2:  nicolae_slime_round_cave
Slime:4:  uniq_dissolution
Orc:1:    giant_chief_lemuel, basic_altar
Orc:2:    kennysheep_orc_mage_school, basic_altar, uniq_maurice
Elf:1:    eino_elf_arrival_customs, minivault_28, uniq_agnes
Elf:2:    trove_entry_hex_spiral, serial_shops, shop,
          infiniplex_enter_wizlab_water, evilmike_surprise_oklob
Elf:3:    elf_hall_gauntlet_narrow, portal_ice_cave_entry_pillars_three
Vaults:1: nicolae_vaults_puzzle_piece, v_misc_26,
          nicolae_vaults_twisting_passages, hangedman_vaults_trim,
          nicolae_vaults_alarming, v_misc_3
Vaults:2: nicolae_vaults_rhombus_6, v_misc_4, ontoclasm_vaults_chip, v_misc_18,
          grunt_vaults_bifocal, nicolae_vaults_little_squares_1,
          minmay_crypt_entry_simple_walls, nicolae_vaults_little_squares_1,
          v_misc_10, vaults_room_stairs_pillars, nicolae_vaults_specimen_jars,
          st_smaller_cells
Vaults:3: nicolae_vaults_windows_and_doors_thing, v_rooms_4,
          nicolae_vaults_ninety_degrees, ontoclasm_vaults_eye,
          vaults_standard_mumra_x, nicolae_vaults_little_squares_4,
          grunt_vaults_diagonal, ontoclasm_vaults_gallery, v_misc_30,
          vaults_dpeg_hooks, nicolae_vaults_little_squares_1,
          grunt_vaults_hallway_short, uniq_mara
Vaults:4: v_misc_33, vaults_mumra_minichess, v_misc_30, vaults_room_semicircle,
          nicolae_vaults_rhombus_7, hangedman_vaults_stitches,
          nicolae_vaults_angled_halls, ontoclasm_vaults_gateway,
          vaults_room_door_hall
Vaults:5: serial_shops, uniq_boris, uniq_sojobo
Crypt:1:  nicolae_crypt_ancient_font
Crypt:2:  minivault_24, roderic_lattice_octagonal_star
Crypt:3:  grunt_crypt_end_deaths_head
Tomb:3:   uniq_jory, uniq_mennas
Depths:1: evilmike_wizard_prison, serial_shops, nicolae_shop_stone,
          nicolae_shop_window_shopping, grunt_pan_entry_sceptre,
          pf_dread_powers_of_hell, roderic_curled_sauvastika, door_vault,
          uniq_jorgrun
Depths:2: wad_arrow_thing, hell_entry, minmay_crystal_room,
          rand_demon_pan_entry_3, tso_metal_star, serial_bayou_shore_a,
          minmay_shop_grove, infiniplex_staircase_river, uniq_enchantress
Depths:3: minmay_smoke_and_mirrors, pan_entry, hangedman_coc_ice_floe,
          hangedman_abyss_entry_splay, kennysheep_nondecorative_pillar,
          uniq_xtahua
Abyss:3:  minivault_24, evilmike_abyss_exit_12, nicolae_abyss_rune_left_handed,
          due_exit_kobolds
Pan:      rand_demon_1, nicolae_pan_sigil_uleosi, nicolae_pan_glass_arcs,
          evilmike_mini_pan_layers, rand_demon_1, pan_blood_fountain,
          rand_demon_8, nicolae_pan_hourglass, evilmike_mini_pan_corridor,
          nicolae_pan_lom_lobonic_3, evilmike_mini_pan_corner,
          evilmike_mini_pan_T, rand_demon_3, evilmike_mini_pan_doors,
          nicolae_pan_cerebovesque_2, evilmike_mini_pan_corridor, rand_demon_1,
          grunt_pan_in_and_out, grunt_pan_zigzag, pan_blood_fountain,
          evilmike_mini_pan_thingy
Lab:      nicolae_lab_blocks
Bailey:   bailey_polearm_gnolls_kennysheep, bailey
IceCv:    ice_cave_caverns_02
WizLab:   wizlab_wucad

Skill      XL: |  1  2  3  4  5  6  7  8  9 10 11 12 13 14 15 16 17 18 19 20 21 22 23 24 25 |
---------------+----------------------------------------------------------------------------+-----
Unarmed Combat | 1 2 3 4 5 6 7 9 11 12 13 14 15 18 19 20 | 20.5
Invocations    | 1 2 3 4 5 7 8 9 10 11 12 13 14 15 | 15.3
Dodging        | 2 4 5 6 7 8 9 10 11 12 13 14 | 14.3
Fighting       | 3 5 6 7 8 9 10 11 12 13 14 | 14.2
Evocations     | 4 6 |  6.3
Shields        | 1 5 6 8 9 10 | 10.4
Earth Magic    | 4 8 11 | 11.7
Transmutations | 3 6 9 10 | 10.0
Spellcasting   | 2 3 5 7 8 |  8.1
Necromancy     | 4 |  4.1
Charms         | 3 8 11 | 11.9
Translocations | 3 7 9 10 | 10.6
Maces & Flails | |  1.7
Polearms       | |  1.0
Throwing       | |  1.0
Stealth        | |  1.0

Action                   |  1- 3 |  4- 6 |  7- 9 | 10-12 | 13-15 | 16-18 | 19-21 | 22-24 | 25-27 || total
-------------------------+-------+-------+-------+-------+-------+-------+-------+-------+-------++-------
Melee: Unarmed           |    86 |    64 |   240 |   553 |   919 |  1111 |   840 |  1160 |   254 ||  5227
       Punch             |     2 |     1 |    14 |    43 |       |       |       |       |       ||    60
       Kick              |       |       |    50 |   179 |   412 |   461 |   290 |   333 |    96 ||  1821
       Headbutt          |       |       |       |    52 |   270 |   298 |   191 |   234 |    51 ||  1096
Throw: Large rock        |       |       |       |     3 |     5 |    38 |       |    26 |       ||    72
       Throwing net      |       |       |       |     4 |     5 |       |       |       |       ||     9
 Cast: Statue Form       |       |       |       |       |       |    32 |    25 |    56 |    11 ||   124
       Regeneration      |       |       |       |       |       |       |     5 |    17 |     7 ||    29
       Passage of Golubr |       |       |       |       |       |       |       |     6 |       ||     6
Invok: Heroism           |       |     2 |    11 |    30 |    52 |    55 |    26 |    47 |    10 ||   233
       Finesse           |       |       |       |     3 |    15 |     9 |     7 |     8 |     4 ||    46
 Abil: End Transformatio |       |       |       |       |       |     1 |       |     3 |       ||     4
Evoke: Wand              |       |       |       |     3 |     2 |     7 |       |     7 |       ||    19
       Box of beasts     |       |       |       |       |       |     4 |     1 |       |       ||     5
       Phial of floods   |       |       |       |       |       |     1 |       |       |       ||     1
  Use: Potion            |       |     1 |     5 |     1 |     8 |     5 |     6 |     3 |     1 ||    30
       Scroll            |       |       |     1 |    11 |    20 |    10 |    18 |     8 |     1 ||    69
 Stab: Sleeping          |     2 |       |       |       |     7 |     7 |     2 |     1 |       ||    19
       Held in net/web   |       |       |       |     8 |       |       |       |       |       ||     8
       Invisible         |       |       |       |       |     2 |       |       |       |       ||     2
       Distracted        |       |       |       |       |       |     1 |       |     1 |       ||     2
  Eat: Chunk             |     9 |       |    10 |    35 |    41 |    45 |    41 |    23 |     8 ||   212
       Royal jelly       |       |       |     1 |       |       |     7 |     1 |     2 |       ||    11
       Beef jerky        |       |       |     1 |       |     1 |     4 |       |     2 |       ||     8
       Pizza             |       |       |       |       |       |     1 |     2 |     1 |       ||     4
       Bread ration      |       |       |       |       |       |       |       |     9 |     1 ||    10
       Meat ration       |       |       |       |       |       |       |       |     1 |       ||     1
Armor: Robe              |    47 |    13 |    65 |    40 |       |       |       |       |       ||   165
       Skin              |       |     3 |       |     1 |       |   254 |   186 |   342 |    67 ||   853
       Troll leather arm |       |       |       |    69 |   107 |   112 |    14 |     6 |     1 ||   309
Dodge: Dodged            |    45 |    27 |   114 |   260 |   268 |   706 |   373 |   800 |   244 ||  2837
Block: Shield            |       |       |       |    22 |   276 |   880 |   621 |  1241 |   273 ||  3313
       Reflection        |       |       |       |       |       |    31 |    61 |       |       ||    92
